 Dungeon Crawl Stone Soup version 0.27-a0-550-ge92ec0ca06 (webtiles) character file.

Game seed: 17360316672536689476

9 wakim the Stinger (level 2, 0/17 HPs)
             Began as an Octopode Venom Mage on Mar 7, 2021.
             Slain by a gnoll
             ... wielding a +0 spear
              (6 damage)
             ... on level 1 of the Dungeon.
             The game lasted 00:02:16 (698 turns).

wakim the Stinger (Octopode Venom Mage)              Turns: 698, Time: 00:02:16

Health: 0/17       AC:  1    Str:  7    XL:     2   Next: 16%
Magic:  2/5        EV: 13    Int: 17    God:
Gold:   50         SH:  0    Dex: 18    Spells: 4/5 levels left

rFire    . . .     SeeInvis .   e - +0 dagger
rCold    . . .     Faith    .   (no shield)
rNeg     . . .     Spirit   .   (helmet restricted)
rPois    .         Reflect  .   (no amulet)
rElec    .         Harm     .   f - +6 ring of dexterity
rCorr    .         Rampage  .   (no ring)
Will     .....                  (no ring)
Stlth    ++++......             (no ring)
HPRegen  0.05/turn              (no ring)
MPRegen  0.09/turn              (no ring)
                                (no ring)
                                (no ring)

@: no status effects
A: almost no armour, amphibious, 8 rings, constrict 8, camouflage 1, gelatinous
body 1, nimble swimmer 1
a: no special abilities


You were on level 1 of the Dungeon.
You visited 1 branch of the dungeon, and saw 1 of its levels.

You collected 50 gold pieces.

Inventory:

Hand Weapons
 e - a +0 dagger (weapon)
Missiles
 g - 30 sling bullets
Jewellery
 f - a +6 ring of dexterity (left tentacle)
Scrolls
 b - a scroll of enchant weapon {unknown}
 c - 2 scrolls of identify {unknown}
 d - a scroll of enchant armour {unknown}
Potions
 a - a potion of flight {unknown}
 h - a potion of lignification {unknown}


   Skills:
 - Level 2.0 Dodging
 + Level 3.4 Stealth
 - Level 2.0 Spellcasting
 - Level 1.0 Transmutations
 - Level 4.0 Poison Magic


You had 4 spell levels left.
You knew the following spells:

 Your Spells              Type           Power      Damage    Failure   Level
a - Sting                 Tmut/Pois      40%        1d5       7%          1

Your spell library contained the following spells:

 Spells                   Type           Power      Damage    Failure   Level
 Poisonous Vapours        Pois/Air       16%        N/A       13%         2
 Ignite Poison            Fire/Tmut/Pois 7%         N/A       28%         3
 Mephitic Cloud           Conj/Pois/Air  6%         N/A       32%         3
 Olgreb's Toxic Radiance  Pois           15%        N/A       36%         4


Dungeon Overview and Level Annotations

Branches:
Dungeon (1/15)

Altars:


Innate Abilities, Weirdness & Mutations

You cannot wear most types of armour.
You are amphibious.
You can wear up to eight rings at the same time.
You can use your tentacles to constrict eight enemies at once.
Your skin changes colour to match your surroundings (Stealth+).
Your rubbery body absorbs attacks. (AC +1, EV +1)
You are stealthy while swimming. (Stealth+)


Message History

You kill the frilled lizard!
You have reached level 2!
The sting hits the dart slug.
The dart slug is poisoned.
The dart slug is heavily wounded.
The sting hits the dart slug.
The dart slug looks even sicker.
You kill the dart slug!
You start resting.
Magic restored.
You start resting.
HP restored.
You now have 50 gold pieces (gained 7).
Things that are here:
a dart slug corpse; a frilled lizard corpse
g - 30 sling bullets (gained 8)
A gnoll comes into view. It is wielding a +0 spear.
Found a chain mail.
The gnoll shouts!
The gnoll closely misses you.
You see here a +0 chain mail.
The sting misses the gnoll.
The gnoll hits you from afar with a +0 spear!
Ouch! That really hurt!
* * * LOW HITPOINT WARNING * * *
You are too injured to fight recklessly!
Casting: Sting (safe; 7% risk of failure)
Confirm with . or Enter, or press ? or * to list all spells.
Aiming: Sting (safe; 7% risk of failure)
Press: ? - help, Shift-Dir - straight line, f/p - gnoll
Aim: a gnoll, wielding a +0 spear (25% to evade)
The sting hits the gnoll.
The gnoll is poisoned.
The gnoll is heavily wounded.
The gnoll closely misses you.
Casting: Sting (safe; 7% risk of failure)
Confirm with . or Enter, or press ? or * to list all spells.
Aiming: Sting (safe; 7% risk of failure)
Press: ? - help, Shift-Dir - straight line, f/p - gnoll
Aim: a gnoll, wielding a +0 spear (heavily wounded, poisoned, 25% to evade)
The sting misses the gnoll.
The gnoll hits you from afar with a +0 spear.
You die...

....#.##.##############
###.#....#............#
.......###.##########.#
###.#...##.# #.#
...........# #.#
###.#...#############.#
##.##.###..........#.##
#.........#####.......#
##..##.###### #@#####.#
............# #[# #.#
#...##.####.# #g# #.#
....##.# #.# #.#
...###.. ...#####.#
#..###.## #........#
.......# #. #.##.##.##
#..###.####.# #.##.##.#
#......... ..##.##.##.#


You could see a gnoll (poisoned).

Vanquished Creatures
  A dart slug (D:1)
  2 goblins (D:1)
  A bat (D:1)
  2 frilled lizards (D:1)
  2 kobolds (D:1)
  A rat (D:1)
9 creatures vanquished.

Notes
Turn   | Place    | Note
-------+----------+-------------------------------------------
     0 | D:1      | wakim the Octopode Venom Mage began the quest for the Orb.
     0 | D:1      | Reached XP level 1. HP: 11/11 MP: 3/3
   229 | D:1      | Reached skill level 4 in Poison Magic
   557 | D:1      | Reached XP level 2. HP: 13/17 MP: 5/5
   698 | D:1      | Slain by a gnoll

Illustrated notes

Levels and vault maps discovered:
D:1:      minmay_arrival_stone_box, layout_loops_ring

Skill      XL: |  1 |
---------------+----+-----
Poison Magic   | 4 |  4.0
Stealth        | 3 |  3.4
Dodging        | |  2.0
Spellcasting   | |  2.0
Transmutations | |  1.0

Action                   || total
-------------------------++-------
Melee: Unarmed           ||     9
       Dagger            ||     3
       Constrict         ||     2
       Tentacles         ||     1
 Cast: Sting             ||     9
 Stab: Sleeping          ||     3
Dodge: Dodged            ||     8

Table legend: (Time is in decaauts)
 A = Elapsed time spent in this place.
 B = Non-inter-level travel time spent in this place.
 C = Inter-level travel time spent in this place.
 D = Time resting spent in this place.
 E = Time spent auto-exploring this place.
 F = Levels seen in this place.
 G = Mean time per level.
                   A        B        C        D        E       F      G
               +--------+--------+--------+--------+--------+-----+--------+
         Total |    697 |    697 |      0 |    233 |    372 |   1 |  697.0 |
       Dungeon |    697 |    697 |      0 |    233 |    372 |   1 |  697.0 |
               +--------+--------+--------+--------+--------+-----+--------+

Top non-repeatable levels by time:
     D:1: 697 daAuts
